 Dungeon Crawl Stone Soup version 0.29.1-2-gbd0b4ee654 (webtiles) character file.

Game seed: 11645953682835248625

57 skoleks the Cutter (level 3, -3/27 HPs)
             Began as a Vampire Gladiator on Nov 21, 2022.
             Slain by a gnoll
             ... wielding a +0 halberd
              (9 damage)
             ... on level 2 of the Dungeon.
             The game lasted 00:04:16 (949 turns).

skoleks the Cutter (Vampire Gladiator)               Turns: 949, Time: 00:04:17

Health: -3/27      AC:  5    Str: 15    XL:     3   Next: 73%
Magic:  3/3        EV: 13    Int: 10    God:
Gold:   74         SH:  0    Dex: 15    Spells: 2/2 levels left

rFire   . . .      SeeInvis +   a - +0 rapier
rCold   . . .      Faith    .   (no shield)
rNeg    . . .      Spirit   .   b - +0 leather armour
rPois   .          Reflect  .   c - +0 helmet
rElec   .          Harm     .   (no cloak)
rCorr   .          Rampage  .   (no gloves)
Will    .....                   q - +0 pair of boots
Stlth   +.........              (no amulet)
HPRegen 0.29/turn               (no ring)
MPRegen 0.08/turn               (no ring)

@: lethally poisoned (-3 -> -7), healing quickly
A: alive, fangs 3, see invisible, vampiric 2
a: Exsanguinate


You were on level 2 of the Dungeon.
You visited 1 branch of the dungeon, and saw 2 of its levels.

You collected 74 gold pieces.

Inventory:

Hand Weapons
 a - a +0 rapier (weapon)
 f - a +0 whip
 r - a +0 falchion
Missiles
 d - 3 throwing nets (quivered)
 e - a javelin
 g - 4 stones
Armour
 b - a +0 leather armour (worn)
 c - a +0 helmet (worn)
 n - a +0 leather armour
 q - a +0 pair of boots (worn)
Scrolls
 h - 3 scrolls of teleportation {unknown}
 k - a scroll of enchant weapon {unknown}
 m - a scroll of fear {unknown}
 o - 2 scrolls of magic mapping {unknown}
 p - 2 scrolls of noise {unknown}
 s - 3 scrolls of poison {unknown}
Potions
 i - a potion of invisibility {unknown}
 j - a potion of degeneration {unknown}
 l - 3 potions of flight {unknown}
 t - a potion of might {unknown}


   Skills:
 + Level 2.1 Fighting
 + Level 4.0 Short Blades
 + Level 1.7 Throwing
 + Level 0.9 Armour
 + Level 3.9 Dodging
 + Level 0.1 Stealth


You had 2 spell levels left.
You didn't know any spells.
Your spell library was empty.

Dungeon Overview and Level Annotations

Branches:
Dungeon (2/15)

Altars:

Annotations:
D:2 Robin


Innate Abilities, Weirdness & Mutations

Your natural rate of healing is accelerated.
You have razor-sharp teeth.
You have supernaturally acute eyesight. (SInv)
You are afflicted with vampirism and can become a bat while bloodless.


Message History

The adder is heavily wounded.
The adder bites you but does no damage. The adder attacks as you move away!
The adder bites you but does no damage.
A hobgoblin and a gnoll come into view.
The hobgoblin shouts!
The gnoll shouts!
You hear an angry hiss.
You hear a shout! x2
You barely miss the adder. Your bite misses the adder.
The adder is heavily wounded.
The adder misses you. The adder bites you but does no damage.
You hit the adder but do no damage.
The adder is heavily wounded.
The adder bites you.
You are poisoned.
The adder poisons you! The hobgoblin barely misses you.
Robin of the Strong Arm comes into view.
They are wielding a +0 mace.
You hit the adder.
The adder is almost dead.
You feel sick. The adder barely misses you.
A hobgoblin comes into view.
The gnoll hits you but does no damage. The hobgoblin barely misses you.
Robin roars a battlecry!
The goblins go into a battle-frenzy!
You miss the adder.
The adder is almost dead.
You feel sick. The adder barely misses you.
The gnoll hits you from afar with a +3 spear.
A hobgoblin comes into view.
The hobgoblin misses you.
You closely miss the adder.
The adder is almost dead.
You feel sick. The adder bites you.
* * * LOW HITPOINT WARNING * * *
You are more poisoned.
The adder poisons you! The adder barely misses you.
The endoplasm barely misses you.
A frilled lizard comes into view.
The gnoll hits you from afar with a +3 spear.
* * * LOW HITPOINT WARNING * * *
The gnoll hits you from afar with a +0 halberd!
You die... #. .#.. .###.l... .. ....ggg.# # ... ........ # ....###...... # ....#.... gg# #.. ........# gg#

##.. ........##g.######...
.......gS@g.)........#####
...##.#.##J##.####.....##.
. #.#....# ..#.##.....
#....### #..........
##..#.# #......###
#.....########.........
#.##............###.###
##.##...#####....###.###
.........#.....#.........


You could see Robin, 4 gnolls, an adder, an endoplasm, 3 hobgoblins, 2 goblins
and a frilled lizard (wandering).

Vanquished Creatures
  2 adders (D:2)
  4 bats
  5 endoplasms (D:1)
  A giant cockroach (D:1)
  2 goblins (D:1)
  5 hobgoblins
  4 jackals (D:1)
  2 quokkas (D:1)
  4 ball pythons (D:1)
  A frilled lizard (D:1)
  3 kobolds (D:1)
  2 rats (D:1)
35 creatures vanquished.

Notes
Turn   | Place    | Note
-------+----------+-------------------------------------------
     0 | D:1      | skoleks the Vampire Gladiator began the quest for the Orb.
     0 | D:1      | Reached XP level 1. HP: 16/16 MP: 1/1
   196 | D:1      | Found a faded altar of an unknown god.
   262 | D:1      | Reached XP level 2. HP: 22/22 MP: 2/2
   586 | D:1      | Gained mutation: You are afflicted with vampirism and can
                  | become a bat while bloodless. [Vampire growth]
   586 | D:1      | Reached XP level 3. HP: 24/27 MP: 3/3
   842 | D:2      | Reached skill level 4 in Short Blades
   946 | D:2      | Noticed Robin
   949 | D:2      | Slain by a gnoll

Illustrated notes

Levels and vault maps discovered:
D:1:      eino_arrival_cavern_e, layout_basic, chequers_ecumenical_altar_twisty
D:2:      layout_rooms, uniq_terence, uniq_natasha, uniq_robin

Skill      XL: |  1  2  3 |
---------------+----------+-----
Fighting       | 2 |  2.1
Short Blades   | 4 |  4.0
Throwing       | |  1.7
Armour         | |  0.9
Dodging        | |  3.9
Stealth        | |  0.1

Action                   || total
-------------------------++-------
Melee: Rapier            ||   122
       Bite              ||    12
       Punch             ||     1
 Stab: Sleeping          ||     1
Armor: Leather armour    ||    31
Dodge: Dodged            ||    90
